 Dungeon Crawl Stone Soup version 0.29.0-4-gdea44cf6ec (webtiles) character file.

Game seed: 12823910184312867649

1939 qw the Cleaver (level 8, -5/71 HPs)
             Began as a Minotaur Berserker on Sept 8, 2022.
             Was an Elder of Trog.
             Slain by Joseph
             ... wielding a +2 vorpal quarterstaff
              (17 damage)
             ... on level 7 of the Dungeon.
             The game lasted 00:02:08 (6872 turns).

qw the Cleaver (Minotaur Berserker)                 Turns: 6872, Time: 00:02:09

Health: -5/71      AC: 11    Str: 24    XL:     8   Next: 98%
Magic:  7/7        EV:  8    Int:  4    God:    Trog [****..]
Gold:   43         SH:  4    Dex: 10    Spells: 7/7 levels left

rFire   . . .      SeeInvis +   Y - +1 war axe
rCold   + . .      Faith    .   i - +0 buckler
rNeg    . . .      Spirit   .   j - +2 chain mail {rC+}
rPois   .          Reflect  .   (helmet restricted)
rElec   .          Harm     .   (no cloak)
rCorr   +          Rampage  .   (no gloves)
Will    .....                   (no boots)
Stlth   ..........              (no amulet)
HPRegen 0.21/turn               l - ring of see invisible
MPRegen 0.10/turn               r - ring of resist corrosion

@: on berserk cooldown, slowed, very slow
A: horns 2, retaliatory headbutt
a: Renounce Religion, Berserk, Trog's Hand, Brothers in Arms


You were on level 7 of the Dungeon.
You worshipped Trog.
Trog was greatly pleased with you.
You visited 1 branch of the dungeon, and saw 7 of its levels.

You collected 387 gold pieces.
You spent 344 gold pieces at shops.


Innate Abilities, Weirdness & Mutations

You have a pair of horns on your head.
You reflexively headbutt those who attack you in melee.


   Skills:
 + Level 6.3 Fighting
 - Level 12.0 Axes
 - Level 1.0 Throwing
 - Level 4.2 Armour
 - Level 2.1 Dodging
 - Level 4.2 Shields


You had 7 spell levels left.
You didn't know any spells.
Your spell library was empty.

Inventory:

Hand Weapons
 o - a +0 morningstar of protection
 Y - a +1 war axe (weapon)
Armour
 i - a +0 buckler (worn)
 j - a +2 chain mail of cold resistance (worn)
Jewellery
 l - a ring of see invisible (left hand)
 r - a ring of resist corrosion (right hand)
Wands
 a - a wand of digging (6)
Scrolls
 c - 3 scrolls of teleportation
 d - 2 scrolls of identify
 h - a scroll of poison {unknown}
Potions
 b - a potion of mutation
 e - a potion of heal wounds
 f - a potion of ambrosia {unknown}
 g - a potion of haste
 n - 2 potions of curing

Dungeon Overview and Level Annotations

Branches:
Dungeon (7/15)             Temple (0/1) D:5

Altars:
Elyvilon
Gozag
Kikubaaqudgha
Nemelex Xobeh
Okawaru
Uskayaw
The Shining One

Shops:
D:6 ?[:=

Annotations:
D:3 1 runed translucent door, Crazy Yiuf
D:7 Joseph


Message History

The steam dragon bites you! The steam dragon claws you.
You barely miss the steam dragon. You headbutt the steam dragon!
The steam dragon is heavily wounded.
You slice the steam dragon!!
You kill the steam dragon!
Trog accepts your kill.
Your Armour skill increases to level 4!
You start resting.
You're standing in a cloud of steam!
You feel a strong urge to attack something.
You are engulfed in a cloud of scalding steam.
Joseph shoots a sling bullet.
The sling bullet barely misses you.
You are no longer berserk.
You are exhausted.
You feel yourself slow down.
Joseph shoots a sling bullet.
The sling bullet hits you but does no damage.
You hear a croak.
A bullfrog comes into view.
Joseph unwields a +0 sling.
Joseph wields a +2 vorpal quarterstaff.
Joseph hits you with a +2 vorpal quarterstaff!
Joseph hits you with a +2 vorpal quarterstaff.
You slash Joseph!
Joseph is lightly wounded.
Joseph hits you with a +2 vorpal quarterstaff.
You barely miss Joseph.
Joseph is lightly wounded.
You slash the bullfrog! The bullfrog hits you.
The bullfrog hits you but does no damage.
You block Joseph's attack.
You hit the bullfrog but do no damage. You headbutt the bullfrog.
You kill the bullfrog!
Trog accepts your kill.
You slash Joseph! You block Joseph's attack.
You hit Joseph. Your headbutt misses Joseph.
Joseph is moderately wounded.
Joseph hits you with a +2 vorpal quarterstaff! x2
You die...

##....##..............#....##
#......#..............#.....#
##.......................#...
##..#...........##.....###..
#####...........##.....#...
##..........###.....##..
#...#......##....... #..
#..###@......(.....###..
#..##..@............##.#
.$......####..................
......... ##.................
@......... #........#........
........?.##.........#........
...........................#..
...#.#...........##.......##.?
...########......##.......##..
#...##.##.#..##.###.


You could see Joseph.

Vanquished Creatures
  A steam dragon (D:7)
  Menkaure (D:6)
  A sky beast (D:6)
  An ice beast (D:7)
  A black bear (D:6)
  3 ogres
  A kobold brigand (D:5)
  4 bullfrogs
  A necrophage (D:6)
  A howler monkey (D:4)
  7 hounds
  A jelly (D:6)
  Terence (D:2)
  Jessica (D:3)
  2 iguanas
  3 orc wizards
  Robin (D:3)
  7 gnolls
  8 adders
  A shadow imp (D:6)
  A white imp (D:5)
  An ufetubus (D:5)
  2 dart slugs (D:2)
  18 orcs
  7 bats
  8 endoplasms
  6 giant cockroaches
  14 goblins
  13 hobgoblins
  4 jackals (D:2)
  15 kobolds
  2 quokkas
  6 ball pythons
  3 frilled lizards
  7 rats
154 creatures vanquished.

Vanquished Creatures (others)
  A butterfly (D:3)
1 creature vanquished.

Grand Total: 155 creatures vanquished

Notes
Turn   | Place    | Note
-------+----------+-------------------------------------------
     0 | D:1      | qw the Minotaur Berserker began the quest for the Orb.
     0 | D:1      | Reached XP level 1. HP: 19/19 MP: 0/0
     0 | D:1      | 0 ||| qw: Version: 0.1-a-111-g1c1fd2e
     0 | D:1      | 0 ||| qw: Game counter: 6585
     0 | D:1      | 0 ||| qw: Always use a shield: true
     0 | D:1      | 0 ||| qw: Do Orc after D:15 true
     0 | D:1      | 0 ||| qw: Do second Lair branch before Depths: true
     0 | D:1      | 0 ||| qw: Lair rune preference: random
     0 | D:1      | 0 ||| qw: Plans: Normal
     0 | D:1      | 0 ||| PLANNING D:1-11
    90 | D:1      | Reached skill level 4 in Axes
   162 | D:1      | Reached XP level 2. HP: 26/26 MP: 1/1
   545 | D:1      | Reached skill level 5 in Axes
   641 | D:1      | Found a faded altar of an unknown god.
   968 | D:1      | 968 ||| UPGRADING to +0 ring mail.
   978 | D:1      | 978 ||| DROPPING +0 animal skin.
   979 | D:1      | 979 ||| READING scroll labelled JAUBBOPUMU.
   980 | D:1      | 980 ||| READING scroll labelled NOYCRO DEMUCW.
   981 | D:1      | 981 ||| READING scroll labelled TURGHO BOHEIRGHY.
   982 | D:1      | 982 ||| READING scroll labelled ORUFUE HEUS.
   987 | D:1      | 987 ||| READING scroll labelled UNNEOP XYGEXOELO.
   988 | D:1      | 988 ||| READING scroll labelled GOGELE UPESO.
   989 | D:1      | 989 ||| READING scroll labelled JESSIW QAXZY.
  1003 | D:2      | Reached ** piety under Trog
  1004 | D:2      | Reached XP level 3. HP: 31/31 MP: 2/2
  1027 | D:2      | 1027 ||| Stepping ~*~*~tactically~*~*~ (stealth).
  1028 | D:2      | 1028 ||| Stepping ~*~*~tactically~*~*~ (stealth).
  1034 | D:2      | 1034 ||| INVOKING Berserk.
  1144 | D:2      | 1144 ||| FLEEEEING.
  1450 | D:2      | Noticed Terence
  1451 | D:2      | 1451 ||| INVOKING Berserk.
  1454 | D:2      | Killed Terence
  1455 | D:2      | Reached skill level 6 in Axes
  1455 | D:2      | Reached XP level 4. HP: 39/39 MP: 3/3
  1552 | D:2      | 1552 ||| Stepping ~*~*~tactically~*~*~ (stealth).
  1670 | D:2      | 1670 ||| Stepping ~*~*~tactically~*~*~ (stealth).
  1840 | D:2      | 1840 ||| READING scroll of enchant weapon.
  1840 | D:2      | 1840 ||| ENCHANTING +1 hand axe of chaos.
  1843 | D:2      | 1843 ||| Stepping ~*~*~tactically~*~*~ (hiding).
  1917 | D:2      | 1917 ||| UPGRADING to +2 chain mail of cold resistance.
  1927 | D:2      | 1927 ||| DROPPING +0 ring mail.
  1928 | D:2      | 1928 ||| READING scroll labelled NULUOCID ZARAG.
  1929 | D:2      | 1929 ||| READING 2 scrolls labelled WYUBAD LEJI.
  1930 | D:2      | 1930 ||| READING scroll labelled IDUMAKHI DUCUE.
  1931 | D:2      | 1931 ||| DROPPING scroll of summoning.
  1977 | D:3      | 1977 ||| Stepping ~*~*~tactically~*~*~ (hiding).
  2010 | D:3      | 2010 ||| Stepping ~*~*~tactically~*~*~ (stealth).
  2018 | D:3      | Noticed Robin
  2019 | D:3      | 2019 ||| Stepping ~*~*~tactically~*~*~ (hiding).
  2025 | D:3      | 2025 ||| INVOKING Berserk.
  2026 | D:3      | Killed Robin
  2038 | D:3      | 2038 ||| FLEEEEING.
  2044 | D:3      | 2044 ||| FLEEEEING.
  2047 | D:3      | 2047 ||| STAIRDANCE
  2158 | D:3      | 2158 ||| READING scroll of enchant weapon.
  2158 | D:3      | 2158 ||| ENCHANTING +2 hand axe of chaos.
  2216 | D:3      | 2216 ||| Stepping ~*~*~tactically~*~*~ (stealth).
  2228 | D:3      | 2228 ||| Stepping ~*~*~tactically~*~*~ (stealth).
  2233 | D:3      | Noticed Jessica
  2238 | D:3      | Killed Jessica
  2239 | D:3      | Reached skill level 7 in Axes
  2239 | D:3      | Reached XP level 5. HP: 37/45 MP: 4/4
  2364 | D:3      | 2364 ||| Stepping ~*~*~tactically~*~*~ (stealth).
  2422 | D:3      | Reached *** piety under Trog
  2441 | D:3      | Found an opulent altar of Gozag.
  2441 | D:3      | Found an ancient bone altar of Kikubaaqudgha.
  2451 | D:3      | Found a hide-covered altar of Uskayaw.
  2453 | D:3      | Found an iron altar of Okawaru.
  2455 | D:3      | Found a sparkling altar of Nemelex Xobeh.
  2632 | D:3      | 2632 ||| SWAPPING to +0 war axe.
  2633 | D:3      | 2633 ||| DROPPING +3 hand axe of chaos.
  2660 | D:3      | 2660 ||| Stepping ~*~*~tactically~*~*~ (hiding).
  2661 | D:3      | 2661 ||| Stepping ~*~*~tactically~*~*~ (hiding).
  2665 | D:3      | 2665 ||| INVOKING Berserk.
  2847 | D:3      | Found a white marble altar of Elyvilon.
  3056 | D:3      | Found a runed translucent door.
  3057 | D:3      | Noticed Crazy Yiuf
  3273 | D:3      | 3273 ||| READING 2 scrolls of identify.
  3273 | D:3      | 3273 ||| IDENTIFYING dark potion
  3415 | D:4      | 3415 ||| Stepping ~*~*~tactically~*~*~ (stealth).
  3416 | D:4      | 3416 ||| Stepping ~*~*~tactically~*~*~ (stealth).
  3428 | D:4      | Reached skill level 8 in Axes
  3428 | D:4      | Reached XP level 6. HP: 44/52 MP: 5/5
  3701 | D:4      | 3701 ||| DROPPING +0 mace.
  4041 | D:4      | 4041 ||| UPGRADING to ring of see invisible.
  4042 | D:4      | 4042 ||| READING scroll labelled IVVEZA XOISM.
  4043 | D:4      | 4043 ||| DRINKING 3 emerald potions.
  4087 | D:4      | 4087 ||| DROPPING 2 potions of lignification.
  4117 | D:5      | Entered Level 5 of the Dungeon
  4122 | D:5      | 4122 ||| INVOKING Berserk.
  4338 | D:5      | 4338 ||| Stepping ~*~*~tactically~*~*~ (hiding).
  4452 | D:5      | 4452 ||| Stepping ~*~*~tactically~*~*~ (stealth).
  4456 | D:5      | 4456 ||| Stepping ~*~*~tactically~*~*~ (stealth).
  4458 | D:5      | 4458 ||| Stepping ~*~*~tactically~*~*~ (hiding).
  4463 | D:5      | 4463 ||| INVOKING Berserk.
  4465 | D:5      | Reached skill level 9 in Axes
  4554 | D:5      | 4554 ||| DROPPING +0 flail.
  4561 | D:5      | 4561 ||| INVOKING Berserk.
  4566 | D:5      | Reached XP level 7. HP: 61/61 MP: 6/6
  4832 | D:5      | Found a staircase to the Ecumenical Temple.
  4845 | D:5      | 4845 ||| READING scroll of enchant weapon.
  4845 | D:5      | 4845 ||| ENCHANTING +0 war axe.
  4918 | D:5      | Reached skill level 3 in Armour
  5064 | D:5      | 5064 ||| INVOKING Berserk.
  5365 | D:5      | 5365 ||| UPGRADING to +0 buckler.
  5370 | D:5      | 5370 ||| DRINKING 2 white potions.
  5371 | D:5      | 5371 ||| DRINKING 3 fizzy golden potions.
  5372 | D:5      | 5372 ||| READING 3 scrolls of identify.
  5372 | D:5      | 5372 ||| IDENTIFYING silvery potion
  5373 | D:5      | 5373 ||| READING 2 scrolls of identify.
  5373 | D:5      | 5373 ||| IDENTIFYING fuming green potion
  5374 | D:5      | 5374 ||| DROPPING potion of invisibility.
  5415 | D:6      | 5415 ||| STAIRDANCE
  5451 | D:6      | 5451 ||| STAIRDANCE
  5456 | D:5      | Reached skill level 3 in Shields
  5460 | D:6      | 5460 ||| STAIRDANCE
  5498 | D:6      | 5498 ||| STAIRDANCE
  5528 | D:6      | Reached **** piety under Trog
  5544 | D:6      | Found Ecyg's Magic Scroll Shop.
  5556 | D:6      | Reached skill level 10 in Axes
  5575 | D:6      | 5575 ||| BUYING scroll of identify (26 gold).
  5575 | D:6      | Bought a scroll of identify for 26 gold pieces
  5575 | D:6      | 5575 ||| BUYING scroll of identify (26 gold).
  5575 | D:6      | Bought a scroll of identify for 26 gold pieces
  5575 | D:6      | 5575 ||| BUYING scroll of identify (26 gold).
  5575 | D:6      | Bought a scroll of identify for 26 gold pieces
  5575 | D:6      | 5575 ||| BUYING scroll of identify (26 gold).
  5575 | D:6      | Bought a scroll of identify for 26 gold pieces
  5587 | D:6      | 5587 ||| Stepping ~*~*~tactically~*~*~ (hiding).
  5593 | D:6      | Reached skill level 1 in Throwing
  5599 | D:6      | 5599 ||| INVOKING Berserk.
  5605 | D:6      | Reached XP level 8. HP: 37/68 MP: 7/7
  5607 | D:6      | HP: 16/103 [ogre/+0 giant spiked club (22)]
  5609 | D:6      | HP: 6/103 [ogre/+0 giant spiked club (11)]
  5614 | D:6      | Reached skill level 6 in Fighting
  5684 | D:6      | 5684 ||| FLEEEEING.
  5973 | D:6      | Noticed Menkaure
  5975 | D:6      | 5975 ||| INVOKING Berserk.
  5981 | D:6      | Killed Menkaure
  6098 | D:6      | 6098 ||| INVOKING Berserk.
  6101 | D:6      | Reached skill level 11 in Axes
  6246 | D:6      | Found Heth's Jewellery Emporium.
  6280 | D:6      | 6280 ||| SHOPLISTING +4 ring of protection (432 gold, have
                  | 247).
  6280 | D:6      | 6280 ||| SHOPLISTING amulet "Huved" {Acrobat Str+2 Int+2}
                  | (544 gold, have 247).
  6280 | D:6      | 6280 ||| SHOPLISTING ring of fire (300 gold, have 247).
  6280 | D:6      | 6280 ||| SHOPLISTING ring of protection from cold (300
                  | gold, have 247).
  6280 | D:6      | 6280 ||| SHOPLISTING ring of protection from fire (300
                  | gold, have 247).
  6280 | D:6      | 6280 ||| BUYING ring of resist corrosion (240 gold).
  6280 | D:6      | Bought a ring of resist corrosion for 240 gold pieces
  6295 | D:6      | Found Pirchuwe's Armour Boutique.
  6303 | D:6      | 6303 ||| SHOPLISTING +0 pair of boots (63 gold, have 7).
  6502 | D:6      | Found Dadih's Book Boutique.
  6576 | D:6      | Found a glowing golden altar of the Shining One.
  6637 | D:6      | 6637 ||| UPGRADING to ring of resist corrosion.
  6638 | D:6      | 6638 ||| READING scroll labelled BUUBIS XUFESUDGH.
  6639 | D:6      | 6639 ||| READING 6 scrolls of identify.
  6639 | D:6      | 6639 ||| IDENTIFYING fuming pink potion
  6640 | D:6      | 6640 ||| READING 5 scrolls of identify.
  6640 | D:6      | 6640 ||| IDENTIFYING viscous amethyst potion
  6641 | D:6      | 6641 ||| READING 4 scrolls of identify.
  6641 | D:6      | 6641 ||| IDENTIFYING pink potion
  6642 | D:6      | 6642 ||| READING 3 scrolls of identify.
  6642 | D:6      | 6642 ||| IDENTIFYING blue potion
  6643 | D:6      | 6643 ||| DROPPING potion of flight.
  6644 | D:6      | 6644 ||| DROPPING potion of attraction.
  6645 | D:6      | 6645 ||| DROPPING potion of degeneration.
  6646 | D:6      | 6646 ||| DROPPING potion of brilliance.
  6750 | D:7      | Reached skill level 12 in Axes
  6850 | D:7      | Noticed Joseph
  6851 | D:7      | 6851 ||| FLEEEEING.
  6859 | D:7      | 6859 ||| INVOKING Berserk.
  6872 | D:7      | HP: 15/71 [Joseph/+2 vorpal quarterstaff (13)]
  6872 | D:7      | Slain by Joseph

Levels and vault maps discovered:
D:1:      giann_wishing_wells, layout_basic,
          shapermc_ecumenical_altar_hornbeckon
D:2:      layout_loops_ring, uniq_terence
D:3:      layout_basic, nicolae_elyvilon_peaceful_grove,
          chequers_temple_overflow_minitemple, uniq_robin,
          uniq_crazy_yiuf_cottage, uniq_jessica
D:4:      layout_gridville, chequers_serial_rivers_micro_b
D:5:      layout_gridville, temple_green, grunt_ministairs_7
D:6:      layout_cave_pools, nicolae_tso_swordbearing_angel, serial_shops,
          nicolae_diamond_shop, shop, nicolae_square_shop, shop, uniq_menkaure
D:7:      layout_cave_pools, gammafunk_ghost_nasty_kobolds,
          nicolae_alphabet_shops, uniq_duvessa, uniq_joseph

Skill      XL: |  1  2  3  4  5  6  7  8 |
---------------+-------------------------+-----
Axes           | 4 5 6 7 8 9 10 12 | 12.0
Fighting       | 4 5 6 |  6.3
Armour         | 3 4 |  4.2
Shields        | 3 4 |  4.2
Throwing       | 1 |  1.0
Dodging        | |  2.1

Action                   |  1- 3 |  4- 6 |  7- 9 || total
-------------------------+-------+-------+-------++-------
Melee: Hand axe          |    55 |    73 |       ||   128
       Headbutt          |     3 |    14 |    22 ||    39
       War axe           |       |    67 |   115 ||   182
       Punch             |       |     2 |       ||     2
Throw: Boomerang         |    21 |    54 |    25 ||   100
Invok: Berserk           |     2 |     5 |     5 ||    12
  Use: Scroll            |     7 |     7 |     8 ||    22
       Potion            |       |     1 |     2 ||     3
Armor: Animal skin       |     3 |       |       ||     3
       Ring mail         |     4 |     4 |       ||     8
       Chain mail        |       |    68 |    60 ||   128
Dodge: Dodged            |    25 |    58 |    36 ||   119
Block: Buckler           |       |       |     7 ||     7

Table legend:
 A = Non-vault XP
 B = Vault XP
 C = Vault XP percentage of total XP
 D = Non-vault monster count
 E = Vault monster count
 F = Vault count percentage of total count
                 A         B        C        D         E       F
            +---------+---------+-------+---------+---------+-------
      Total |    2439 |     332 |  12.0 |     136 |      18 |  11.7
            +---------+---------+-------+---------+---------+-------
        D:1 |      40 |       0 |   0.0 |      24 |       0 |   0.0
        D:2 |      51 |      38 |  42.7 |      21 |       1 |   4.5
        D:3 |     110 |      75 |  40.5 |      22 |      14 |  38.9
        D:4 |     164 |       0 |   0.0 |      16 |       0 |   0.0
        D:5 |     705 |      47 |   6.2 |      31 |       2 |   6.1
        D:6 |     830 |     172 |  17.2 |      17 |       1 |   5.6
        D:7 |     539 |       0 |   0.0 |       5 |       0 |   0.0
            +---------+---------+-------+---------+---------+-------
